[Event "NJSK 2021 Jeugd A"]
[Site "Almelo, Netherlands"]
[Date "2021.08.01"]
[Round "1.1"]
[White "Arabi, Osama"]
[Black "Elgersma, Onno"]
[Result "0-1"]
[WhiteElo "1901"]
[BlackElo "2292"]
[PlyCount "98"]
[EventDate "2021.??.??"]
[TimeControl "90/40+30:0"]

1. d4 {5} d5 {43} 2. c4 {3} e6 {11} 3. Nc3 {29} Nf6 {46} 4. cxd5 {39} exd5 {5}
5. Bg5 {15} c6 {9} 6. Qc2 {6} Bd6 {55} 7. Nf3 {49} O-O {49} 8. e3 {35} Be6 {182
} 9. Bd3 {52} h6 {26} 10. Bf4 {17} Qc7 {549} 11. Bxd6 {326} Qxd6 {4} 12. O-O {
23} Nbd7 {14} 13. Rab1 {19} a5 {121} 14. a3 {40} Rfe8 {170} 15. Rfc1 {651} Rac8
{131} 16. b4 {86} axb4 {21} 17. axb4 {14} b5 {134} 18. Nd2 {1123} Nb6 {129} 19.
Nb3 {115} Nc4 {274} 20. Ra1 {370} Ra8 {494} 21. Nc5 {292} Ng4 {64} 22. g3 {67}
Nf6 {27} 23. Ne2 {416} Bg4 {78} 24. Nf4 {129} Bf3 {68} 25. Ng2 {208} h5 {702}
26. Nh4 {186} Bg4 {68} 27. Nf5 {274} Bxf5 {162} 28. Bxf5 {4} g6 {220} 29. Bd3 {
172} Kg7 {108} 30. Rxa8 {162} Rxa8 {6} 31. e4 {78} dxe4 {949} 32. Bxc4 {157}
bxc4 {68} 33. Qxc4 {298} h4 {194} 34. Nb7 {126} Qd7 {168} 35. Na5 {190} hxg3 {
67} 36. fxg3 {73} Rh8 {202} 37. Nxc6 {151} Ng4 {284} 38. Qc5 {483} Qe6 {240}
39. d5 {127} Qf6 {32} 40. h4 {286} e3 {51} 41. Qc3 {66} Qxc3 {43} 42. Rxc3 {1}
Ra8 {375} 43. Kf1 {394} Ra2 {637} 44. Ke1 {167} Ra1+ {191} 45. Ke2 {0} Ra2+ {40
} 46. Kf3 {60} f5 {27} 47. Kf4 {89} Rf2+ {41} 48. Kg5 {19} Nf6 {90} 49. Rxe3 {
158} Nh7# {5} 0-1

[Event "NJSK 2021 Jeugd A"]
[Site "Almelo, Netherlands"]
[Date "2021.08.01"]
[Round "1.2"]
[White "Grutter, Tim"]
[Black "Van Dam, Thijs"]
[Result "1-0"]
[WhiteElo "2253"]
[BlackElo "1848"]
[PlyCount "61"]
[EventDate "2021.??.??"]
[TimeControl "90/40+30:0"]

1. e4 {3} c5 {6} 2. Nf3 {8} g6 {6} 3. Nc3 {64} Bg7 {10} 4. d4 {40} cxd4 {21} 5.
Nxd4 {8} Nc6 {14} 6. Nde2 {54} d6 {253} 7. h3 {506} Nf6 {287} 8. g3 {30} O-O {
25} 9. Bg2 {18} Bd7 {178} 10. O-O {31} a6 {147} 11. a4 {385} Nb4 {465} 12. Nd5
{140} Nbxd5 {128} 13. exd5 {20} a5 {714} 14. Be3 {341} b5 {106} 15. axb5 {172}
Bxb5 {41} 16. b3 {521} Ng4 {1090} 17. hxg4 {157} Bxa1 {201} 18. c4 {14} a4 {54}
19. cxb5 {13} axb3 {73} 20. Qxb3 {11} Qa5 {130} 21. Nd4 {238} Rfb8 {364} 22.
Rb1 {242} Bxd4 {662} 23. Bxd4 {8} Qd2 {44} 24. Be3 {80} Qe2 {29} 25. b6 {139}
Qxg4 {450} 26. b7 {175} Ra5 {270} 27. Qb6 {102} Qf5 {118} 28. Rc1 {88} Rxd5 {
120} 29. Bxd5 {46} Qxd5 {7} 30. Rc8+ {12} Kg7 {7} 31. Qd4+ {5} 1-0

[Event "NJSK 2021 Jeugd A"]
[Site "Almelo, Netherlands"]
[Date "2021.08.01"]
[Round "1.3"]
[White "Verweij, David"]
[Black "Hilwerda, Jonas"]
[Result "0-1"]
[WhiteElo "1833"]
[BlackElo "2240"]
[PlyCount "64"]
[EventDate "2021.??.??"]
[TimeControl "90/40+30:0"]

1. Nf3 {4} Nf6 {4} 2. g3 {5} g6 {3} 3. Bg2 {5} Bg7 {4} 4. O-O {5} O-O {3} 5. d3
{5} d6 {2} 6. c3 {16} e5 {30} 7. e4 {22} c5 {6} 8. Nbd2 {107} Nc6 {6} 9. Rb1 {
310} Be6 {436} 10. Qa4 {96} a6 {375} 11. Ng5 {330} Bg4 {785} 12. Qc2 {74} b5 {
179} 13. Re1 {295} h6 {238} 14. Ngf3 {41} Be6 {6} 15. b4 {502} cxb4 {563} 16.
d4 {637} bxc3 {112} 17. Qxc3 {27} Nxd4 {279} 18. Nxd4 {204} exd4 {2} 19. Qa3 {
202} Nd7 {597} 20. Bb2 {616} Nb6 {256} 21. e5 {143} dxe5 {44} 22. Bxa8 {41}
Qxa8 {6} 23. Qd6 {223} Bh3 {301} 24. Ne4 {1041} Nc4 {71} 25. Qe7 {48} Nd2 {71}
26. f3 {110} Nxf3+ {8} 27. Kf2 {10} Nxe1 {10} 28. Rxe1 {7} f5 {49} 29. Qe6+ {
101} Kh7 {12} 30. Kg1 {20} fxe4 {22} 31. Qxh3 {15} e3 {10} 32. Qe6 {37} Rf2 {44
} 0-1

[Event "NJSK 2021 Jeugd A"]
[Site "Almelo, Netherlands"]
[Date "2021.08.01"]
[Round "1.4"]
[White "Roebers, Eline"]
[Black "Arnold, Kiri"]
[Result "1-0"]
[WhiteElo "2173"]
[BlackElo "1827"]
[PlyCount "76"]
[EventDate "2021.??.??"]
[TimeControl "90/40+30:0"]

1. e4 {1} c5 {2} 2. Nf3 {4} Nc6 {5} 3. d4 {3} cxd4 {6} 4. Nxd4 {4} e5 {22} 5.
Nb5 {3} d6 {7} 6. N1c3 {4} a6 {4} 7. Na3 {3} Be6 {25} 8. Nc4 {29} Rb8 {50} 9.
Nd5 {5} Bxd5 {107} 10. exd5 {4} Nce7 {39} 11. Be2 {22} Nf6 {65} 12. Ne3 {27} g6
{88} 13. a4 {161} Bh6 {224} 14. c4 {153} O-O {265} 15. a5 {4} Qc7 {641} 16. O-O
{577} Nd7 {23} 17. b4 {319} f5 {160} 18. Ra3 {709} Nf6 {1093} 19. Bb2 {611} Qd7
{222} 20. c5 {1115} Bxe3 {354} 21. Rxe3 {105} f4 {154} 22. Ra3 {302} Nf5 {557}
23. Re1 {254} Rbe8 {135} 24. Bc4 {129} e4 {395} 25. Qc1 {1361} e3 {252} 26. c6
{206} exf2+ {145} 27. Kxf2 {4} Ng4+ {87} 28. Kg1 {47} Qd8 {149} 29. Rxe8 {457}
Rxe8 {3} 30. Qxf4 {89} Re1+ {353} 31. Bf1 {4} Nge3 {117} 32. Ra1 {38} Rxa1 {67}
33. Bxa1 {2} bxc6 {82} 34. dxc6 {13} Qc7 {27} 35. Qe4 {53} Kf7 {32} 36. Bc4+ {
66} Kf8 {64} 37. Bb3 {33} Qa7 {39} 38. Kh1 {34} Ng4 {32} 1-0

[Event "NJSK 2021 Jeugd A"]
[Site "Almelo, Netherlands"]
[Date "2021.08.01"]
[Round "1.5"]
[White "Broersma, Sven"]
[Black "Van Foreest, Machteld"]
[Result "0-1"]
[WhiteElo "1710"]
[BlackElo "2161"]
[PlyCount "68"]
[EventDate "2021.??.??"]
[TimeControl "90/40+30:0"]

1. d4 {4} d5 {5} 2. Nf3 {7} Nf6 {11} 3. c4 {6} c6 {4} 4. e3 {5} e6 {57} 5. Nc3
{13} Nbd7 {10} 6. Bd2 {8} Be7 {213} 7. Bd3 {66} dxc4 {38} 8. Bxc4 {8} b5 {79}
9. Bd3 {63} O-O {49} 10. Rc1 {279} Bb7 {44} 11. O-O {114} a6 {1474} 12. Qe2 {
1207} c5 {200} 13. Rfd1 {180} Qb6 {115} 14. dxc5 {341} Nxc5 {123} 15. Bc2 {50}
Rfd8 {150} 16. b4 {392} Nce4 {107} 17. Nxe4 {16} Nxe4 {30} 18. Be1 {93} Bd5 {96
} 19. Bb3 {457} Bxb3 {149} 20. axb3 {1} Bf6 {93} 21. Qc2 {352} Rxd1 {279} 22.
Rxd1 {35} Qb7 {10} 23. Rd3 {385} Rc8 {121} 24. Qd1 {15} h6 {30} 25. Nd4 {178}
Be7 {2189} 26. Ne2 {452} Qb6 {227} 27. Ng3 {49} Nxg3 {51} 28. hxg3 {5} Bf6 {77}
29. Kh2 {192} Qc7 {269} 30. Kg1 {149} Qe5 {16} 31. Kf1 {59} Qb2 {48} 32. Qd2 {
52} Qb1 {22} 33. Qd1 {21} Rc1 {6} 34. Qd2 {2} Rxe1+ {6} 0-1

[Event "NJSK 2021 Jeugd A"]
[Site "Almelo, Netherlands"]
[Date "2021.08.01"]
[Round "1.6"]
[White "Honkoop, Gilian"]
[Black "Hubers, Daan"]
[Result "1-0"]
[WhiteElo "2157"]
[BlackElo "1695"]
[PlyCount "51"]
[EventDate "2021.??.??"]
[TimeControl "90/40+30:0"]

1. d4 {2} Nf6 {13} 2. Bf4 {18} a6 {38} 3. Nd2 {634} b5 {633} 4. e4 {20} Bb7 {
228} 5. Bd3 {6} e6 {114} 6. Ngf3 {63} c5 {423} 7. c3 {365} Nc6 {95} 8. O-O {176
} Qb6 {199} 9. dxc5 {145} Bxc5 {89} 10. b4 {19} Be7 {41} 11. a4 {12} Na7 {802}
12. Qe2 {110} Bc6 {175} 13. Nd4 {483} O-O {560} 14. Rfc1 {477} bxa4 {720} 15.
Nxc6 {981} Qxc6 {64} 16. Bxa6 {125} a3 {242} 17. Rxa3 {364} d5 {725} 18. Rb3 {
368} dxe4 {112} 19. b5 {67} Qc5 {119} 20. Bb7 {594} Rad8 {116} 21. Be3 {44} Qd6
{106} 22. Nxe4 {135} Nxe4 {18} 23. Bxe4 {7} Rd7 {111} 24. c4 {31} Rc8 {86} 25.
Rd3 {46} Qc7 {47} 26. b6 {9} 1-0

[Event "NJSK 2021 Jeugd A"]
[Site "Almelo, Netherlands"]
[Date "2021.08.01"]
[Round "1.7"]
[White "Verheul, Job"]
[Black "Bruil, Rembrandt"]
[Result "0-1"]
[WhiteElo "1655"]
[BlackElo "2105"]
[PlyCount "90"]
[EventDate "2021.??.??"]
[TimeControl "90/40+30:0"]

1. e4 {0} c5 {19} 2. Nf3 {8} Nc6 {37} 3. Bb5 {7} g6 {73} 4. Bxc6 {11} bxc6 {46}
5. O-O {24} Bg7 {27} 6. Re1 {15} Nf6 {455} 7. e5 {29} Nd5 {6} 8. c4 {21} Nc7 {
65} 9. d4 {13} cxd4 {30} 10. Qxd4 {10} Ne6 {359} 11. Qh4 {1298} d6 {0} 12. Nc3
{468} dxe5 {194} 13. Nxe5 {573} Qc7 {1226} 14. Bf4 {1530} Bf6 {741} 15. Qh6 {
900} Bg7 {49} 16. Qh4 {10} Bf6 {5} 17. Qh6 {41} Nxf4 {485} 18. Qxf4 {13} Be6 {
11} 19. Rad1 {871} O-O {229} 20. Nxg6 {831} Qxf4 {15} 21. Nxf4 {4} Bxc4 {13}
22. Nh5 {49} Bxc3 {113} 23. bxc3 {5} Rfd8 {58} 24. Rxd8+ {486} Rxd8 {1} 25. h3
{15} Rd5 {210} 26. g4 {91} Kf8 {59} 27. Rb1 {33} Rb5 {350} 28. Rxb5 {133} cxb5
{1} 29. a3 {10} Ke8 {4} 30. Nf4 {76} Kd7 {20} 31. Ng2 {12} Kd6 {85} 32. Ne3 {43
} Kc5 {59} 33. Nd1 {26} Be2 {41} 34. Nb2 {38} Kd5 {25} 35. Kg2 {14} Ke4 {5} 36.
Kg3 {16} f6 {31} 37. f4 {54} Ke3 {24} 38. a4 {35} a6 {0} 39. axb5 {15} axb5 {0}
40. c4 {25} bxc4 {3} 41. Na4 {235} Bd3 {604} 42. h4 {317} Kd2 {50} 43. h5 {42}
c3 {8} 44. Nc5 {98} c2 {19} 45. Nb3+ {185} Kd1 {0} 0-1

[Event "NJSK 2021 Jeugd A"]
[Site "Almelo, Netherlands"]
[Date "2021.08.01"]
[Round "1.8"]
[White "Shakhverdian, William"]
[Black "Torensma, Christian"]
[Result "1-0"]
[WhiteElo "2074"]
[BlackElo "1641"]
[PlyCount "49"]
[EventDate "2021.??.??"]
[TimeControl "90/40+30:0"]

1. d4 {0} e6 {9} 2. c4 {20} f5 {9} 3. g3 {40} Nf6 {14} 4. Bg2 {8} d5 {26} 5.
Nh3 {39} Bd6 {25} 6. O-O {7} O-O {46} 7. Qc2 {80} c6 {15} 8. Bf4 {7} Be7 {21}
9. Nd2 {22} Na6 {25} 10. a3 {174} h6 {81} 11. Be5 {1} g5 {200} 12. f4 {86} Ng4
{914} 13. Qc3 {685} Nxe5 {24} 14. fxe5 {66} b6 {656} 15. Nf2 {128} Bb7 {1365}
16. g4 {1433} c5 {1127} 17. gxf5 {230} exf5 {144} 18. cxd5 {260} Bxd5 {9} 19.
e4 {401} cxd4 {237} 20. Qh3 {934} fxe4 {142} 21. Ndxe4 {0} Kg7 22. Ng4 Rh8 23.
Ngf6 {0} Nc7 {0} 24. Nh5+ {0} Kg8 {0} 25. Qf5 {0} 1-0

[Event "NJSK 2021 Jeugd A"]
[Site "Almelo, Netherlands"]
[Date "2021.08.01"]
[Round "1.9"]
[White "Sonneveld, David"]
[Black "Maters, Arthur"]
[Result "0-1"]
[WhiteElo "1589"]
[BlackElo "2032"]
[PlyCount "128"]
[EventDate "2021.??.??"]
[TimeControl "90/40+30:0"]

1. e4 {2} c5 {10} 2. Nf3 {16} d6 {13} 3. Bb5+ {82} Bd7 {43} 4. Bxd7+ {7} Nxd7 {
4} 5. O-O {122} Ngf6 {58} 6. Re1 {16} e6 {94} 7. c3 {37} Be7 {75} 8. d4 {56}
O-O {18} 9. Bf4 {956} Nh5 {438} 10. Be3 {17} Qc7 {484} 11. Nbd2 {464} Rac8 {348
} 12. Rc1 {237} Rfd8 {236} 13. Ng5 {503} Nhf6 {143} 14. f4 {78} h6 {160} 15.
Nh3 {281} Qa5 {931} 16. e5 {474} Nd5 {152} 17. Ne4 {339} Nxe3 {106} 18. Rxe3 {
102} dxe5 {6} 19. dxe5 {358} Nxe5 {46} 20. Qh5 {33} Ng6 {136} 21. a3 {335} Rd5
{159} 22. Qe2 {196} c4 {383} 23. Rf3 {281} b5 {130} 24. Rff1 {99} Rcd8 {101}
25. Rfd1 {111} Qc7 {123} 26. g3 {67} Bc5+ {77} 27. Nhf2 {133} Bxf2+ {246} 28.
Nxf2 {26} Ne7 {422} 29. Ng4 {108} Qd6 {109} 30. Ne3 {75} Rd2 {484} 31. Rxd2 {
151} Qxd2 {1} 32. Qxd2 {32} Rxd2 {1} 33. Rc2 {0} Rxc2 {32} 34. Nxc2 {2} Nc6 {1}
35. Kf2 {20} Kf8 {25} 36. a4 {111} a6 {5} 37. axb5 {9} axb5 {4} 38. Na3 {93}
Na7 {5} 39. Ke3 {3} Ke7 {5} 40. Kd4 {72} Kd6 {3} 41. Ke4 {232} Kc5 {91} 42. Nc2
{254} Nc6 {27} 43. g4 {28} b4 {147} 44. h4 {96} b3 {63} 45. Ne3 {326} f6 {165}
46. h5 {55} Ne7 {117} 47. Kf3 {690} Nd5 {95} 48. Nf1 {178} e5 {720} 49. fxe5 {
57} fxe5 {8} 50. Ke4 {59} Nf4 {36} 51. Kxe5 {145} Nd3+ {5} 52. Ke6 {10} Nxb2 {3
} 53. Nd2 {3} Nd1 {7} 54. Nb1 {4} b2 {125} 55. Kf7 {15} Nxc3 {6} 56. Nxc3 {3}
Kb4 {7} 57. Nb1 {35} c3 {5} 58. Nxc3 {0} Kxc3 {12} 59. Kxg7 {2} b1=Q {11} 60.
Kxh6 {9} Qb6+ {10} 61. Kg5 {85} Qc5+ {9} 62. Kh4 {14} Qf8 {72} 63. Kg5 {32}
Qg7+ {6} 64. Kh4 {29} Qf6+ {6} 0-1

[Event "NJSK 2021 Jeugd A"]
[Site "Almelo, Netherlands"]
[Date "2021.08.01"]
[Round "1.10"]
[White "Kruimer, Matthias"]
[Black "Li-Behn, Tobias"]
[Result "1/2-1/2"]
[WhiteElo "1909"]
[BlackElo "1443"]
[PlyCount "101"]
[EventDate "2021.??.??"]
[TimeControl "90/40+30:0"]

1. e4 {2} e5 {9} 2. Nf3 {6} Nc6 {11} 3. d4 {5} exd4 {15} 4. Nxd4 {13} Nf6 {16}
5. Nxc6 {35} bxc6 {11} 6. e5 {16} Qe7 {46} 7. Qe2 {5} Nd5 {14} 8. h4 {76} h6 {
237} 9. c4 {324} Qb4+ {311} 10. Nd2 {586} Nf4 {147} 11. Qe3 {420} Ne6 {251} 12.
a3 {61} Qa5 {77} 13. Be2 {239} Bc5 {155} 14. Qe4 {341} Bd4 {546} 15. f4 {450}
Qb6 {655} 16. Rf1 {359} Be3 {922} 17. f5 {523} Nd4 {299} 18. b4 {715} Nxe2 {198
} 19. Kxe2 {25} Qd4 {305} 20. Rb1 {309} Qxe4 {264} 21. Nxe4 {24} Bxc1 {8} 22.
Rbxc1 {51} O-O {34} 23. Ke3 {283} a5 {331} 24. b5 {91} Re8 {240} 25. Kf4 {98}
Rb8 {80} 26. a4 {32} Bb7 {217} 27. Rfd1 {303} cxb5 {115} 28. cxb5 {20} Bxe4 {
263} 29. Kxe4 {5} c6 {34} 30. bxc6 {67} dxc6 {15} 31. Rxc6 {34} Rb2 {34} 32. e6
{230} Rxg2 {120} 33. Kf3 {39} Ra2 {228} 34. exf7+ {190} Kxf7 {39} 35. Rd4 {209}
Ree2 {331} 36. Rc5 {42} h5 {46} 37. Rxa5 {58} Rf2+ {15} 38. Ke4 {31} Rae2+ {32}
39. Kd3 {5} Rd2+ {26} 40. Kc3 {26} Rxd4 {63} 41. Kxd4 {7} Rf4+ {29} 42. Ke5 {46
} Rxh4 {38} 43. Ra7+ {103} Kg8 {57} 44. f6 {448} gxf6+ {552} 45. Kxf6 {7} Rg4 {
130} 46. a5 {823} h4 {281} 47. a6 {239} h3 {72} 48. Rb7 {30} h2 {449} 49. a7 {
201} Ra4 {123} 50. Rb1 {37} Rxa7 {100} 51. Rh1 {23} 1/2-1/2

[Event "NJSK 2021 Jeugd A"]
[Site "Almelo, Netherlands"]
[Date "2021.08.02"]
[Round "2.1"]
[White "Elgersma, Onno"]
[Black "Honkoop, Gilian"]
[Result "1-0"]
[WhiteElo "2292"]
[BlackElo "2157"]
[PlyCount "51"]
[EventDate "2021.??.??"]
[TimeControl "90/40+30:0"]

1. d4 {4023} d5 {39} 2. Nf3 {11} e6 {5} 3. c4 {16} Nf6 {7} 4. e3 {4} Be7 {93}
5. Nc3 {15} O-O {6} 6. Bd2 {43} b6 {429} 7. cxd5 {20} exd5 {10} 8. Bd3 {10} c5
{46} 9. O-O {75} Bb7 {501} 10. Ne5 {288} Nbd7 {263} 11. Rc1 {262} Re8 {392} 12.
f4 {68} a6 {658} 13. Qf3 {137} b5 {274} 14. Qh3 {353} b4 {1048} 15. Nxd7 {598}
Qxd7 {28} 16. Bxh7+ {16} Kf8 {33} 17. Bf5 {5} Qd6 {699} 18. dxc5 {104} Qxc5 {82
} 19. Ne4 {79} Qb6 {13} 20. Qh8+ {154} Ng8 {4} 21. Bh7 {45} Bd8 {7} 22. Qxg8+ {
331} Ke7 {4} 23. Qxg7 {13} dxe4 {11} 24. Be1 {204} Kd6 {522} 25. Qxf7 {176} Re7
{17} 26. Bxb4+ {54} 1-0

[Event "NJSK 2021 Jeugd A"]
[Site "Almelo, Netherlands"]
[Date "2021.08.02"]
[Round "2.2"]
[White "Van Foreest, Machteld"]
[Black "Grutter, Tim"]
[Result "1/2-1/2"]
[WhiteElo "2161"]
[BlackElo "2253"]
[PlyCount "95"]
[EventDate "2021.??.??"]
[TimeControl "90/40+30:0"]

1. e4 {0} c5 {5} 2. Nf3 {5} Nc6 {4} 3. Bb5 {4} e6 {8} 4. O-O {6} Nge7 {3} 5.
Re1 {4} a6 {9} 6. Bf1 {3} d5 {7} 7. exd5 {16} Nxd5 {6} 8. d4 {53} Nf6 {7} 9.
Be3 {53} Be7 {25} 10. h3 {58} cxd4 {112} 11. Nxd4 {5} Nxd4 {407} 12. Bxd4 {56}
b5 {730} 13. Qf3 {504} Bd7 {863} 14. c4 {171} Rc8 {446} 15. b3 {1397} Bc6 {323}
16. Qe3 {139} Qd7 {125} 17. Nc3 {332} O-O {331} 18. Rad1 {151} Qb7 {152} 19.
Bxf6 {762} Bxf6 {119} 20. Ne4 {181} Bxe4 {748} 21. Qxe4 {3} Qb6 {147} 22. Rd7 {
346} Rc5 {328} 23. Bd3 {375} g6 {60} 24. Qf3 {112} Bg7 {171} 25. b4 {89} Rc7 {
58} 26. Rxc7 {285} Qxc7 {3} 27. cxb5 {74} axb5 {369} 28. Bxb5 {5} Qc2 {81} 29.
Qe2 {328} Qc3 {190} 30. Qe4 {122} Rd8 {43} 31. Rf1 {59} Bf8 {37} 32. Rb1 {293}
Rd4 {17} 33. Qe3 {88} Qxe3 {31} 34. fxe3 {1} Rxb4 {8} 35. Rxb4 {3} Bxb4 {10}
36. a4 {2} f5 {149} 37. Kf2 {34} Kf7 {11} 38. e4 {66} Bc5+ {168} 39. Kf3 {33}
Kf6 {61} 40. a5 {36} Ke5 {36} 41. Bc6 {56} h6 {58} 42. a6 {98} Ba7 {112} 43.
Bb7 {73} Bb6 {363} 44. exf5 {523} exf5 {198} 45. Bc6 {53} g5 {86} 46. Ke2 {15}
h5 {131} 47. Kd3 {131} h4 {49} 48. Bd7 {69} 1/2-1/2

[Event "NJSK 2021 Jeugd A"]
[Site "Almelo, Netherlands"]
[Date "2021.08.02"]
[Round "2.3"]
[White "Hilwerda, Jonas"]
[Black "Shakhverdian, William"]
[Result "1-0"]
[WhiteElo "2240"]
[BlackElo "2074"]
[PlyCount "105"]
[EventDate "2021.??.??"]
[TimeControl "90/40+30:0"]

1. e4 {2} e5 {9} 2. Nf3 {4} Nc6 {10} 3. d4 {2} exd4 {7} 4. Nxd4 {2} Nf6 {7} 5.
Nxc6 {3} bxc6 {6} 6. e5 {3} Qe7 {9} 7. Qe2 {3} Nd5 {13} 8. h4 {4} a5 {10} 9. c4
{2} Ba6 {38} 10. Rh3 {5} Nb6 {107} 11. b3 {185} a4 {847} 12. Nd2 {491} Qe6 {741
} 13. Nf3 {1356} Bb4+ {856} 14. Bd2 {2} Qe7 {604} 15. Bxb4 {640} Qxb4+ {5} 16.
Qd2 {7} Qxd2+ {40} 17. Nxd2 {387} O-O {512} 18. O-O-O {151} axb3 {78} 19. axb3
{89} d5 {226} 20. cxd5 {1463} cxd5 {474} 21. Bxa6 {205} Rxa6 {6} 22. Rc3 {11}
Nd7 {1047} 23. Rxc7 {116} Nxe5 {4} 24. Nb1 {9} Ng6 {292} 25. Rxd5 {130} Nf4 {28
} 26. Rd2 {641} Nxg2 {30} 27. Rc4 {0} Rh6 {69} 28. Rdd4 {68} f5 {4} 29. Nc3 {
167} Re8 {178} 30. b4 {84} f4 {32} 31. b5 {0} Nxh4 {34} 32. Rxf4 {21} Ng6 {16}
33. Rf5 {57} Ne5 {47} 34. Re4 {43} Nd3+ {10} 35. Kc2 {33} Rxe4 {54} 36. Nxe4 {1
} Nb4+ {30} 37. Kc3 {107} Na6 {18} 38. Nf6+ {39} gxf6 {40} 39. bxa6 {1} Rh1 {33
} 40. Kb4 {60} Ra1 {29} 41. Ra5 {378} Rb1+ {6} 42. Kc5 {5} Rc1+ {42} 43. Kb6 {
15} Rb1+ {343} 44. Rb5 {31} Ra1 {7} 45. a7 {3} Rxa7 {12} 46. Kxa7 {4} Kg7 {5}
47. Kb6 {25} Kg6 {4} 48. Kc5 {8} Kg5 {17} 49. Kd4+ {16} Kg4 {10} 50. Ke4 {14}
h5 {8} 51. Rf5 {7} h4 {8} 52. Rxf6 {14} h3 {8} 53. Rh6 {6} 1-0

[Event "NJSK 2021 Jeugd A"]
[Site "Almelo, Netherlands"]
[Date "2021.08.02"]
[Round "2.4"]
[White "Bruil, Rembrandt"]
[Black "Roebers, Eline"]
[Result "1-0"]
[WhiteElo "2105"]
[BlackElo "2173"]
[PlyCount "92"]
[EventDate "2021.??.??"]
[TimeControl "90/40+30:0"]

1. d4 {2} f5 {26} 2. Nc3 {16} Nf6 {11} 3. Bg5 {16} d5 {14} 4. Bxf6 {29} exf6 {
13} 5. e3 {11} Be6 {37} 6. Bd3 {39} Qd7 {35} 7. Nge2 {14} Nc6 {46} 8. a3 {6}
Ne7 {79} 9. Qd2 {75} O-O-O {292} 10. b4 {46} g5 {136} 11. a4 {611} Kb8 {86} 12.
a5 {337} Nc8 {336} 13. Na4 {945} Nd6 {616} 14. Nc5 {321} Qe8 {19} 15. O-O {672}
Ne4 {1326} 16. Qc1 {191} c6 {683} 17. Qb2 {1181} a6 {465} 18. Rfd1 {194} Bc8 {
419} 19. c4 {69} dxc4 {15} 20. Bxc4 {26} Nd6 {118} 21. Ba2 {65} Nb5 {142} 22.
d5 {132} Bd6 {376} 23. dxc6 {179} Qxc6 {3} 24. Nd4 {142} Nxd4 {191} 25. exd4 {6
} Qc7 {137} 26. g3 {168} f4 {170} 27. Rac1 {77} Bxc5 {17} 28. bxc5 {256} Qxa5 {
178} 29. c6 {64} Ka8 {33} 30. Be6 {218} Qb5 {239} 31. Qxb5 {102} axb5 {3} 32.
Bxc8 {9} Rxc8 {6} 33. c7 {3} b6 {32} 34. d5 {3} Kb7 {4} 35. d6 {6} b4 {24} 36.
Rc4 {229} b3 {44} 37. Rb4 {28} Ra8 {49} 38. Rxb3 {12} Kc6 {36} 39. gxf4 {43}
gxf4 {9} 40. Kg2 {34} Rhe8 {55} 41. Kf3 {457} Re6 {144} 42. Rc1+ {143} Kd7 {12}
43. Rxb6 {39} Rc8 {4} 44. Rg1 {644} Rxd6 {31} 45. Rg7+ {11} Ke6 {4} 46. Rb8 {43
} Kd5 {Ke4+ 98} 1-0

[Event "NJSK 2021 Jeugd A"]
[Site "Almelo, Netherlands"]
[Date "2021.08.02"]
[Round "2.5"]
[White "Maters, Arthur"]
[Black "Kruimer, Matthias"]
[Result "1-0"]
[WhiteElo "2032"]
[BlackElo "1909"]
[PlyCount "105"]
[EventDate "2021.??.??"]
[TimeControl "90/40+30:0"]

1. e4 {0} e5 {5} 2. Bc4 {6} Nf6 {11} 3. d3 {6} Nc6 {5} 4. Nc3 {5} Bb4 {17} 5.
Nge2 {6} d5 {17} 6. exd5 {17} Nxd5 {9} 7. O-O {46} Be6 {6} 8. Nxd5 {507} Bxd5 {
17} 9. Bxd5 {5} Qxd5 {6} 10. a3 {28} Bd6 {276} 11. f4 {943} f6 {189} 12. fxe5 {
306} Nxe5 {44} 13. Nf4 {105} Qf7 {150} 14. d4 {94} O-O-O {98} 15. d5 {485} Rhe8
{560} 16. Qd4 {234} Nd7 {507} 17. Kh1 {658} Bxf4 {2083} 18. Bxf4 {36} Nb6 {24}
19. c4 {81} Qe7 {252} 20. b3 {265} f5 {273} 21. a4 {160} g5 {296} 22. a5 {35}
gxf4 {112} 23. axb6 {11} axb6 {48} 24. Ra8+ {318} Kd7 {6} 25. Rxd8+ {5} Kxd8 {
84} 26. Qxf4 {8} Qe4 {224} 27. Qg5+ {114} Kc8 {22} 28. h3 {15} Qd3 {355} 29.
Qxf5+ {16} Qxf5 {5} 30. Rxf5 {6} Re7 {11} 31. Kh2 {39} Kd7 {114} 32. Rf6 {33}
Rg7 {46} 33. g4 {18} h5 {68} 34. Kg3 {36} c6 {128} 35. Kf4 {55} hxg4 {101} 36.
hxg4 {7} Rh7 {18} 37. g5 {31} Rh1 {10} 38. Rf7+ {42} Kd6 {124} 39. Rxb7 {6} Kc5
{93} 40. b4+ {137} Kxc4 {51} 41. dxc6 {5} Kb5 {84} 42. c7 {26} Rc1 {4} 43. Ra7
{151} Rf1+ {217} 44. Ke5 {23} Rf8 {7} 45. Kd6 {29} Rg8 {50} 46. Ke7 {123} Rxg5
{228} 47. Ra8 {137} Rg7+ {48} 48. Kd6 {6} Rg6+ {26} 49. Ke5 {11} Rc6 {61} 50.
c8=Q {7} Rxc8 {4} 51. Rxc8 {7} Kxb4 {3} 52. Kd4 {9} b5 {25} 53. Rb8 {5} 1-0

[Event "NJSK 2021 Jeugd A"]
[Site "Almelo, Netherlands"]
[Date "2021.08.02"]
[Round "2.6"]
[White "Li-Behn, Tobias"]
[Black "Arabi, Osama"]
[Result "0-1"]
[WhiteElo "1443"]
[BlackElo "1901"]
[PlyCount "60"]
[EventDate "2021.??.??"]
[TimeControl "90/40+30:0"]

1. d4 {0} Nf6 {24} 2. c4 {7} e6 {74} 3. Nf3 {11} d5 {9} 4. Nc3 {8} Be7 {11} 5.
Bf4 {11} O-O {58} 6. e3 {5} dxc4 {11} 7. Bxc4 {45} a6 {14} 8. a4 {20} c5 {25}
9. dxc5 {115} Qa5 {27} 10. O-O {23} Rd8 {261} 11. Qc2 {13} Qxc5 {74} 12. Bd3 {
187} Nc6 {607} 13. Ne4 {382} Qh5 {269} 14. Nxf6+ {328} Bxf6 {21} 15. Be4 {6}
Bd7 {60} 16. Rfd1 {279} Rac8 {232} 17. Qe2 {620} Na5 {623} 18. Rac1 {1306} Bxa4
{482} 19. Rxd8+ {109} Rxd8 {198} 20. Bc7 {387} Rc8 {167} 21. Bxb7 {114} Nxb7 {
46} 22. Qxa6 {15} Qb5 {30} 23. Qa7 {550} Bd8 {448} 24. Ne1 {201} h6 {224} 25.
Ra1 {250} Rxc7 {51} 26. Rxa4 {32} Rc1 {116} 27. Ra1 {38} Qxb2 {25} 28. Qa4 {317
} Qxa1 {60} 29. Qe8+ {38} Kh7 {8} 30. Qh8+ {12} Kxh8 {4} 0-1

[Event "NJSK 2021 Jeugd A"]
[Site "Almelo, Netherlands"]
[Date "2021.08.02"]
[Round "2.7"]
[White "Van Dam, Thijs"]
[Black "Verheul, Job"]
[Result "1/2-1/2"]
[WhiteElo "1848"]
[BlackElo "1655"]
[PlyCount "40"]
[EventDate "2021.??.??"]
[TimeControl "90/40+30:0"]

1. d4 {1} d5 {4} 2. Bf4 {9} c5 {7} 3. e3 {2} Nc6 {13} 4. c3 {8} Bf5 {51} 5. Bd3
{30} Bxd3 {60} 6. Qxd3 {9} e6 {70} 7. Nd2 {16} Nf6 {292} 8. h3 {186} Bd6 {400}
9. Bxd6 {15} Qxd6 {9} 10. Ngf3 {15} O-O {77} 11. O-O {25} cxd4 {915} 12. exd4 {
67} b5 {557} 13. b4 {729} a5 {759} 14. bxa5 {90} Rxa5 {216} 15. Nb3 {77} Ra3 {
55} 16. Qxb5 {108} Rfa8 {21} 17. Qe2 {543} Na5 {446} 18. Nfd2 {404} Nc6 {221}
19. Nf3 {445} Na5 {8} 20. Nfd2 {438} Nc6 {68} 1/2-1/2